 Dungeon Crawl Stone Soup version 0.21.1-1-g345015f (webtiles) character file.

333 VLARC the Insei (level 6, 0/33 HPs)
             Began as a Vine Stalker Transmuter on Mar 27, 2018.
             Slain by an orc
             ... wielding a +0 flail
              (9 damage)
             ... on level 4 of the Dungeon.
             The game lasted 00:06:55 (3223 turns).

VLARC the Insei (Vine Stalker Transmuter)           Turns: 3223, Time: 00:06:56

Health: 0/33       AC:  5    Str: 13    XL:     6   Next: 53%
Magic:  0/10       EV: 12    Int: 14    God:
Gold:   155        SH:  0    Dex: 15    Spells: 6/9 levels left

rFire    + . .     SeeInvis .     - Unarmed
rCold    + + .     Gourm    .   (no shield)
rNeg     . . .     Faith    .   v - +2 robe {rC+ rF+}
rPois    +         Spirit   +   h - +0 helmet
rElec    .         Reflect  .   (no cloak)
rCorr    .         Harm     .   (no gloves)
MR       .....                  (boots currently unavailable)
Stlth    +.........             (no amulet)
HPRegen  0.51/turn              r - ring of poison resistance
MPRegen  0.12/turn              q - ring of protection from cold

@: appendage (expiring)
A: fangs 2, talons 3, regeneration 1, magic shield, antimagic bite, no potion
heal 3, rot immunity
a: End Transformation


You were on level 4 of the Dungeon.
You were not hungry.
You had grown temporary talons.
You visited 1 branch of the dungeon, and saw 4 of its levels.

You collected 155 gold pieces.

Inventory:

Missiles
 a - 65 arrows
 f - 153 stones (quivered)
Armour
 b - a +0 robe
 h - a +0 helmet (worn)
 i - a +0 leather armour
 u - a +0 buckler
 v - a +2 robe of resistance (worn)
Jewellery
 m - an uncursed ring of see invisible
 o - an uncursed ring of protection from magic {unknown}
 p - an uncursed amulet of magic regeneration {unknown}
 q - a ring of protection from cold (right hand)
 r - a ring of poison resistance (left hand)
Wands
 t - a wand of polymorph (9)
Scrolls
 e - 2 scrolls of identify
 g - a scroll of teleportation
 k - 2 scrolls of remove curse
 s - 2 scrolls of noise {unknown}
 w - a scroll of blinking
 y - a scroll of enchant weapon {unknown}
 z - a scroll of random uselessness {unknown}
Potions
 j - a potion of ambrosia {unknown}
 l - a potion of flight {unknown}
 n - a potion of heal wounds {unknown}
Books
 c - a book of Changes

   Spells                             Type                      Level
   a - Beastly Appendage              Transmutation                1
   b - Sticks to Snakes               Transmutation                2
   c - Spider Form                    Transmutation/Poison         3
   d - Ice Form                       Ice/Transmutation            4
   e - Blade Hands                    Transmutation                5
 x - a book of Necromancy

   Spells                             Type                      Level
   a - Pain                           Necromancy                   1
   b - Animate Skeleton               Necromancy                   1
   c - Vampiric Draining              Necromancy                   3
   d - Regeneration                   Charms/Necromancy            3
   e - Animate Dead                   Necromancy                   4
   f - Borgnjor's Vile Clutch         Necromancy/Earth             5
Comestibles
 d - 7 rations


   Skills:
 + Level 4.1 Fighting
 - Level 1.5 Dodging
 + Level 5.4 Unarmed Combat
 - Level 2.1 Spellcasting
 - Level 2.0 Transmutations


You had 6 spell levels left.
You knew the following spells:

 Your Spells              Type           Power        Failure   Level  Hunger
a - Beastly Appendage     Tmut           #.....       11%         1    #......
b - Sticks to Snakes      Tmut           #.......     16%         2    ###....


Dungeon Overview and Level Annotations

Branches:
Dungeon (4/15)
 Temple: D:4-7

Altars:
Elyvilon
Fedhas
Sif Muna


Innate Abilities, Weirdness & Mutations

You have extremely sharp teeth.
Your natural rate of healing is unusually fast.
When hurt, damage is shared between your health and your magic reserves.
Your bite disrupts and absorbs the magic of your enemies.
Potions cannot restore your health.
You are immune to rotting.
You have claws for feet.


Message History

Unknown command.
You hit the orc wizard but do no damage.
You claw the orc wizard, but do no damage.
The orc wizard is severely wounded.
The orc wizard hits you with a dagger. The orc barely misses you.
You hit the orc wizard.
You kill the orc wizard!
The orc closely misses you. The orc hits you with a flail.
You barely miss the orc. Your kick misses the orc. The orc closely misses you.
The orc completely misses you.
You barely miss the orc. You claw the orc. Your bite misses the orc.
The orc is heavily wounded.
The orc hits you with a flail!
You hit the orc. You claw the orc, but do no damage.
The orc is heavily wounded.
The orc hits you with a flail!
* * * LOW HITPOINT WARNING * * *
Your transformation is almost over.
The orc hits you with a flail!
You die...

........# ..........#####...
........# ....####..........
........# ... ##.........
........# .. #.........
........# . ##........
........# ###.........
.....o..# ######...........
........#### #................
..$......#.####o@..............
......o.)..##..o...............
...#####.....).)...............
..## #...........###.....#####
.## #...##....### .....## .
#...####...# ...### . #...#
##.... ... # #...## ##.... ..#
#... #.....


You could see 2 orcs.

Vanquished Creatures
  An orc priest (D:3)
  A hound (D:4)
  An orc wizard (D:4)
  Jessica (D:2)
  Terence (D:2)
  10 adders
  An ooze (D:1)
  3 worms
  3 dart slugs
  2 leopard geckos
  8 orcs
  2 ball pythons
  2 giant cockroaches (D:1)
  10 goblins
  8 hobgoblins
  4 jackals (D:2)
  A quokka (D:3)
  9 bats
  5 frilled lizards
  10 kobolds
  4 rats
87 creatures vanquished.

Notes
Turn   | Place    | Note
-------+----------+-------------------------------------------
     0 | D:1      | VLARC the Vine Stalker Transmuter began the quest for the Orb.
     0 | D:1      | Reached XP level 1. HP: 9/9 MP: 4/4
   142 | D:1      | Reached skill level 1 in Fighting
   421 | D:1      | Reached XP level 2. HP: 12/14 MP: 4/6
   961 | D:1      | Reached XP level 3. HP: 12/18 MP: 3/7
  1538 | D:2      | Learned a level 2 spell: Sticks to Snakes
  1604 | D:2      | Reached skill level 4 in Unarmed Combat
  1604 | D:2      | Gained mutation: Your natural rate of healing is unusually fast. [Vine Stalker growth]
  1604 | D:2      | Reached XP level 4. HP: 18/23 MP: 8/8
  1928 | D:2      | Found a white marble altar of Elyvilon.
  2038 | D:2      | Noticed Jessica
  2039 | D:2      | Noticed Terence
  2062 | D:2      | Killed Terence
  2062 | D:2      | Reached XP level 5. HP: 17/28 MP: 3/9
  2109 | D:2      | Killed Jessica
  2561 | D:2      | Reached skill level 5 in Unarmed Combat
  2576 | D:3      | Found a white marble altar of Elyvilon.
  2609 | D:3      | Reached XP level 6. HP: 32/33 MP: 10/10
  2663 | D:3      | Found a blossoming altar of Fedhas.
  2700 | D:3      | Found a deep blue altar of Sif Muna.
  3223 | D:4      | Slain by an orc

Skill      XL: |  1  2  3  4  5  6 |
---------------+-------------------+-----
Fighting       | 1 2 3 4 |  4.1
Unarmed Combat | 4 5 |  5.4
Dodging        | |  1.5
Spellcasting   | |  2.1
Transmutations | |  2.0

Action                   |  1- 3 |  4- 6 || total
-------------------------+-------+-------++-------
Melee: Unarmed           |   118 |   196 ||   314
       Bite              |    18 |    45 ||    63
       Headbutt          |     1 |       ||     1
       Kick              |     8 |     9 ||    17
       Punch             |     3 |     6 ||     9
Throw: Stone             |     4 |       ||     4
 Cast: Beastly Appendage |     7 |     4 ||    11
  Use: Scroll            |     4 |       ||     4
       Potion            |     3 |       ||     3
 Stab: Sleeping          |       |     2 ||     2
  Eat: Chunk             |     2 |     6 ||     8
Armor: Leather armour    |    36 |    14 ||    50
       Robe              |       |    27 ||    27
Dodge: Dodged            |    84 |   107 ||   191
